 Dungeon Crawl Stone Soup version 0.27-a0-988-g25969acef8 (webtiles) character file.

Game seed: 603962820533634629

321 Twinkles the Sneak (level 6, -28/48 HPs)
             Began as a Vampire Chaos Knight on Apr 16, 2021.
             Was a Plaything of Xom.
             Annihilated by an ogre
             ... wielding a +0 giant spiked club
              (32 damage)
             ... on level 4 of the Dungeon.
             The game lasted 00:16:17 (4399 turns).

Twinkles the Sneak (Vampire Chaos Knight)           Turns: 4399, Time: 00:16:18

Health: -28/48     AC:  5    Str: 11    XL:     6   Next: 22%
Magic:  6/6        EV:  9    Int: 13    God:    Xom [.*....]
Gold:   171        SH:  7    Dex: 15    Spells: 5/5 levels left

rFire    . . .     SeeInvis +   a - +0 falchion (chaos)
rCold    . . .     Faith    .   n - +0 kite shield
rNeg     . . .     Spirit   .   e - +0 ring mail
rPois    .         Reflect  .   (no helmet)
rElec    .         Harm     .   (no cloak)
rCorr    .         Rampage  .   h - +0 pair of gloves
Will     .....                  d - +1 pair of boots
Stlth    +.........             (no amulet)
HPRegen  0.36/turn              (no ring)
MPRegen  0.10/turn              (no ring)

@: silenced, regenerating quickly
A: alive, fangs 3, see invisible, unbreathing 1, vampiric 2, agile 1, deformed
body, dopey 1, weak 1
a: Exsanguinate, Renounce Religion


You were on level 4 of the Dungeon.
You worshipped Xom.
You were a plaything of Xom.
You visited 1 branch of the dungeon, and saw 4 of its levels.

You collected 171 gold pieces.

Inventory:

Hand Weapons
 a - a +0 falchion of chaos (weapon)
 k - a +0 short sword of venom
 q - a +3 dagger
Missiles
 b - 37 poisoned darts
 f - 45 sling bullets
 m - 8 javelins
 p - a throwing net
 s - 91 stones (quivered)
Armour
 d - a +1 pair of boots (worn)
 e - a +0 ring mail (worn)
 h - a +0 pair of gloves (worn)
 n - a +0 kite shield (worn)
Scrolls
 l - 2 scrolls of amnesia
 Z - 2 scrolls of identify
Potions
 c - a potion of attraction {unknown}
 g - a potion of haste {unknown}
 i - 3 potions of curing {unknown}
 j - a potion of heal wounds {unknown}
 r - a potion of might {unknown}
 U - 2 potions of mutation


   Skills:
 + Level 3.8 Fighting
 + Level 4.2 Long Blades
 + Level 1.0 Armour
 - Level 3.8 Dodging
 + Level 4.3 Stealth
 + Level 1.5 Shields


You had 5 spell levels left.
You didn't know any spells.
Your spell library was empty.

Dungeon Overview and Level Annotations

Branches:
Dungeon (4/15)             Temple (0/1) D:4

Altars:

Shops:
D:1 [

Annotations:
D:2 1 runed translucent door, Crazy Yiuf


Innate Abilities, Weirdness & Mutations

Your natural rate of healing is unusually fast.
You have razor-sharp teeth.
You have supernaturally acute eyesight. (SInv)
You can survive without breathing.
You are afflicted with vampirism and can become a bat while bloodless.
You are agile. (Dex +2)
Armour fits poorly on your strangely shaped body.
You are dopey. (Int -2)
You are weak. (Str -2)


Message History

You kill the orc priest!
Your Armour skill increases to level 1!
You see here a +0 trident.
You see here a +0 hand axe.
You see here a +0 hand axe.
You see here a +0 trident.
You see here a +0 hand axe.
You see here a +0 hand axe.
Things that are here:
a +0 dagger; a +0 robe
There is an open door here.
An ogre is nearby!
The ogre shouts!
You hit the ogre. You bite the ogre.
The ogre is moderately wounded.
The ogre misses you.
You hit the ogre.
The ogre goes berserk!
Xom thinks this is hilarious!
You bite the ogre.
The ogre is moderately wounded.
You block the ogre's attack. The ogre closely misses you.
The ogre hits you with a +0 giant spiked club!
A shower of butterflies erupts from you!
There is a stone staircase leading up, spattered with blood here.
You block the ogre's attack.
As you read the scroll labelled KONEYSTR NENI, it crumbles to dust.
It is a scroll of amnesia.
You feel forgetful for a moment. You block the ogre's attack.
You hit the ogre.
The ogre seems to grow stronger.
The ogre is heavily wounded.
The ogre closely misses you.
The ogre hits you with a +0 giant spiked club!!
Ouch! That really hurt!
* * * LOW HITPOINT WARNING * * *
As you read the scroll labelled SAUCOO FOUNUWU, it crumbles to dust.
A profound silence engulfs you.
It was a scroll of silence.
The ogre hits you with a +0 giant spiked club!!
Ouch! That really hurt!
You die...
Xom chortles!

#.# #.###.#### #####.###.#......#
#######.......#.#.#.##.#
#.......#####.#.#.#.##.###
#.#####.# #.#.#.#.##...# #.# #.#
#.......####.# #.# #.# #.#######
#.# #.# #.#####.# #.# ###.##
#..@O.<.# #.# #....# ####.b.##
#.# #.#..# ##.....## ####.#
#.#..# ##.......## ##.##.#
######....####...bb..b.####...#.#
.............'.....b...'........#
######.....###.........####...)).
#................## ##.##)#
#.##..###.#.....## #.##.#


You could see an ogre (berserk, strong, ally target).

Vanquished Creatures
  A centaur (D:3)
  An orc priest (D:4)
  Jessica (D:2)
  2 orc wizards
  A hound skeleton (D:4)
  An adder (D:2)
  11 dart slugs
  7 orcs
  5 ball pythons
  11 bats
  8 endoplasms
  4 giant cockroaches
  4 hobgoblins
  6 jackals
  3 quokkas
  2 frilled lizards (D:2)
  2 goblins (D:1)
  7 kobolds
  3 rats
80 creatures vanquished.

Notes
Turn   | Place    | Note
-------+----------+-------------------------------------------
     0 | D:1      | Twinkles the Vampire Chaos Knight began the quest for the
                  | Orb.
     0 | D:1      | Reached XP level 1. HP: 17/17 MP: 1/1
   142 | D:1      | XOM: silly message
   163 | D:1      | XOM: potion effect (might)
   163 | D:1      | HP: 5/17 [quokka (5)]
   165 | D:1      | Reached skill level 1 in Stealth
   234 | D:1      | Found Nepniru's Armour Shoppe.
   242 | D:1      | XOM: silly message
   265 | D:1      | Reached XP level 2. HP: 23/23 MP: 2/2
   593 | D:1      | Gained mutation: You are afflicted with vampirism and can
                  | become a bat while bloodless. [Vampire growth]
   593 | D:1      | Reached XP level 3. HP: 28/29 MP: 3/3
   717 | D:1      | Found a faded altar of an unknown god.
   819 | D:1      | XOM: noise
   840 | D:1      | XOM: summons 1 hostile demon
   853 | D:1      | HP: 8/29 [quasit[Xom] (1)]
   859 | D:1      | HP: 7/29 [quasit[Xom] (2)]
  1176 | D:2      | Noticed Jessica
  1182 | D:2      | Killed Jessica
  1279 | D:2      | Reached XP level 4. HP: 29/35 MP: 4/4
  1290 | D:2      | XOM: enchant monster (bad)
  1297 | D:2      | XOM: enchant monster (bad)
  1300 | D:2      | XOM: butterfly on damage
  1558 | D:2      | XOM: 1-stop teleportation journey
  1672 | D:2      | Found a runed translucent door.
  1673 | D:2      | Noticed Crazy Yiuf
  2262 | D:2      | XOM: summons 3 hostile demons
  2275 | D:2      | HP: 9/35 [white imp[Xom] (5)]
  2298 | D:1      | XOM: god gift: 13 gold pieces
  2331 | D:1      | XOM: divination: detect items
  2653 | D:3      | XOM: enchant monster (bad)
  2755 | D:3      | XOM: 4-stop teleportation journey
  2756 | D:3      | Noticed a centaur
  2783 | D:3      | Killed a centaur
  2784 | D:3      | Reached XP level 5. HP: 30/41 MP: 5/5
  2867 | D:3      | Reached skill level 1 in Shields
  3686 | D:4      | Found a staircase to the Ecumenical Temple.
  3789 | D:4      | Noticed an ogre
  3968 | D:4      | XOM: give mutations
  3968 | D:4      | Gained mutation: You are dopey. (Int -2) [Xom's mischief]
  3968 | D:4      | Gained mutation: Armour fits poorly on your strangely
                  | shaped body. [Xom's mischief]
  3968 | D:4      | Gained mutation: You are weak. (Str -2) [Xom's mischief]
  3968 | D:4      | Gained mutation: You are agile. (Dex +2) [Xom's mischief]
  4154 | D:4      | Noticed a necrophage
  4159 | D:4      | XOM: 2-stop teleportation journey
  4169 | D:4      | XOM: divination: magic mapping
  4183 | D:4      | XOM: 2-stop teleportation journey
  4290 | D:4      | Reached XP level 6. HP: 42/48 MP: 6/6
  4300 | D:4      | Reached skill level 1 in Armour
  4393 | D:4      | XOM: butterfly on damage
  4398 | D:4      | HP: 4/48 [ogre/+0 giant spiked club (30)]
  4399 | D:4      | Annihilated by an ogre

Illustrated notes

Levels and vault maps discovered:
D:1:      dpeg_arrival_three_same_balls, layout_loops_ring,
          hellmonk_ecumenical_altar_run_dry, serial_shops,
          nicolae_shop_waterfront, chequers_arboretum
D:2:      layout_basic, uniq_crazy_yiuf_cottage, uniq_jessica
D:3:      kennysheep_slugbush, layout_loops_cross
D:4:      layout_loops_corners, nicolae_ru_path_of_blood,
          minmay_temple_entry_overgrown

Skill      XL: |  1  2  3  4  5  6 |
---------------+-------------------+-----
Stealth        | 1 2 3 4 |  4.3
Fighting       | 3 |  3.8
Dodging        | 3 |  3.8
Shields        | 1 |  1.5
Long Blades    | 4 |  4.2
Armour         | 1 |  1.0

Action                   |  1- 3 |  4- 6 || total
-------------------------+-------+-------++-------
Melee: Falchion          |    96 |   170 ||   266
       Bite              |    10 |    23 ||    33
  Use: Scroll            |     2 |     6 ||     8
 Stab: Sleeping          |     2 |     6 ||     8
       Paralysed         |       |     3 ||     3
       Petrified         |       |     4 ||     4
       Confused          |       |     1 ||     1
Armor: Leather armour    |    60 |       ||    60
       Ring mail         |     4 |    73 ||    77
Dodge: Dodged            |    76 |    86 ||   162
Block: Buckler           |       |     7 ||     7
       Kite shield       |       |    20 ||    20
       Rpst.: Falchion   |    23 |    14 ||    37

Table legend: (Time is in decaauts)
 A = Elapsed time spent in this place.
 B = Non-inter-level travel time spent in this place.
 C = Inter-level travel time spent in this place.
 D = Time resting spent in this place.
 E = Time spent auto-exploring this place.
 F = Levels seen in this place.
 G = Mean time per level.
                   A        B        C        D        E       F      G
               +--------+--------+--------+--------+--------+-----+--------+
         Total |   4491 |   3695 |    796 |    150 |   2581 |   4 | 1122.8 |
       Dungeon |   4491 |   3695 |    796 |    150 |   2581 |   4 | 1122.8 |
               +--------+--------+--------+--------+--------+-----+--------+

Top non-repeatable levels by time:
     D:2: 1346 daAuts
     D:1: 1305 daAuts
     D:3: 1199 daAuts
     D:4: 640 daAuts
